 Dungeon Crawl Stone Soup version 0.28-a0-97-g102d6777a4 (webtiles) character file.

Game seed: 15492116795138130045

132 thirtiethelement the Skirmisher (level 4, -2/37 HPs)
             Began as a Demonspawn Abyssal Knight on Aug 9, 2021.
             Was a Believer of Lugonu.
             Slain by a gnoll (7 damage)
             ... on level 3 of the Dungeon.
             The game lasted 00:22:24 (3389 turns).

thirtiethelement the Skirmisher (DsAK)              Turns: 3389, Time: 00:22:24

Health: -2/37      AC:  9    Str: 14    XL:     4   Next: 92%
Magic:  5/5        EV:  6    Int: 13    God:    Lugonu [**....]
Gold:   189        SH:  0    Dex: 12    Spells: 4/5 levels left

rFire   . . .      SeeInvis .   e - +1 scimitar (elec)
rCold   . . .      Faith    .   (no shield)
rNeg    + . .      Spirit   .   f - +0 chain mail {rN+}
rPois   .          Reflect  .   (no helmet)
rElec   .          Harm     .   (no cloak)
rCorr   .          Rampage  .   (no gloves)
Will    .....                   (no boots)
Stlth   ..........              (no amulet)
HPRegen 0.12/turn               j - ring of wizardry
MPRegen 0.09/turn               (no ring)

@: no status effects
A: sharp scales 1
a: Renounce Religion, Depart the Abyss, Bend Space


You were on level 3 of the Dungeon.
You worshipped Lugonu.
Lugonu was pleased with you.
You visited 1 branch of the dungeon, and saw 3 of its levels.
You visited the Abyss 1 time.

You collected 189 gold pieces.

Inventory:

Hand Weapons
 a - a +1 hand axe
 e - a +1 scimitar of electrocution (weapon)
Missiles
 g - 147 stones (quivered)
 i - 33 arrows
Armour
 b - a +0 leather armour
 f - a +0 chain mail of positive energy (worn)
Jewellery
 j - a ring of wizardry (left hand)
Potions
 c - a potion of flight {unknown}
 d - 2 potions of cancellation
 h - 3 potions of heal wounds
 k - a potion of curing {unknown}


   Skills:
 + Level 3.7 Fighting
 * Level 2.2 Long Blades
 - Level 1.7 Axes
 + Level 0.5 Throwing
 + Level 2.1 Armour
 + Level 1.0 Dodging
 + Level 1.1 Spellcasting
 + Level 1.0 Transmutations
 + Level 0.7 Poison Magic
 + Level 2.6 Invocations


You had 4 spell levels left.
You knew the following spells:

 Your Spells              Type           Power      Damage    Failure   Level
a - Sting                 Tmut/Pois      8%         1d3       87%         1

Your spell library contained the following spells:

 Spells                   Type           Power      Damage    Failure   Level
 Poisonous Vapours        Pois/Air       2%         N/A       97%         2
 Olgreb's Toxic Radiance  Pois           2%         N/A       100%        4


Dungeon Overview and Level Annotations

Branches:
Dungeon (3/15)

Altars:
Elyvilon
Wu Jian
Yredelemnul

Annotations:
D:3 Ijyb


Innate Abilities, Weirdness & Mutations

You are partially covered in razor-sharp scales. (AC +1, Slay +1)


Message History

There is a stone staircase leading down here.
A goblin comes into view. It is wielding a +0 club.
The goblin shouts!
The goblin completely misses you.
You riposte.
You slash the goblin!
You kill the goblin!
Lugonu accepts your kill.
There is a basalt altar of Yredelemnul here.
There is a stone staircase leading up here.
The gnoll hits you but does no damage.
You climb upwards.
There is a stone staircase leading down here.
You start resting.
HP restored.
You climb downwards.
Level annotation: Ijyb
There is a stone staircase leading up here.
The hobgoblin hits you with a +0 club. The gnoll barely misses you.
You completely miss the hobgoblin.
The hobgoblin hits you but does no damage.
The gnoll hits you from afar with a +0 spear.
The hobgoblin hits you with a +0 club.
You barely miss the hobgoblin. The gnoll barely misses you.
The hobgoblin hits you but does no damage.
The gnoll barely misses you.
Your chain mail prevents you from hitting the hobgoblin.
The hobgoblin hits you with a +0 club.
The gnoll hits you from afar with a +0 spear.
You barely miss the hobgoblin.
The hobgoblin hits you but does no damage.
The gnoll completely misses you. The hobgoblin hits you with a +0 club.
You hit the hobgoblin.
The hobgoblin is heavily wounded.
The gnoll hits you from afar with a +0 spear.
The hobgoblin hits you with a +0 club.
* * * LOW HITPOINT WARNING * * *
The gnoll hits you from afar with a +0 spear.
* * * LOW HITPOINT WARNING * * *
There is a stone staircase leading up here.
The gnoll hits you from afar with a +0 spear!
You die...

..⌠....###.##
.......# #.#
_..._..###.###
.........g...######..
.......###.g.........
######## ###.######.#
#.# #.######.#
#..gg@...# #...######
#.#.# #.#.# #.#.#
....# #.### #.#


You could see a gnoll and a hobgoblin.

Vanquished Creatures
  2 gnolls (D:3)
  4 adders (D:2)
  2 worms (D:2)
  A dart slug (D:1)
  2 orcs (D:3)
  7 ball pythons
  4 bats
  3 endoplasms
  5 giant cockroaches
  6 goblins
  6 hobgoblins
  5 jackals (D:1)
  5 kobolds
  3 quokkas
  A frilled lizard (D:1)
  6 rats
62 creatures vanquished.

Vanquished Creatures (others)
  A plant (D:1)
1 creature vanquished.

Grand Total: 63 creatures vanquished

Notes
Turn   | Place    | Note
-------+----------+-------------------------------------------
     0 | Abyss:1  | thirtiethelement the Demonspawn Abyssal Knight began the
                  | quest for the Orb.
     0 | Abyss:1  | Reached XP level 1. HP: 18/18 MP: 2/2
     1 | Abyss:1  | Found a corrupted altar of Lugonu.
    38 | Abyss:2  | Noticed a large abomination
   208 | Abyss:4  | Noticed a small abomination
   213 | D:1      | Escaped the Abyss
   550 | D:1      | Reached * piety under Lugonu
   551 | D:1      | Gained mutation: You are partially covered in razor-sharp
                  | scales. (AC +1, Slay +1) [demonic ancestry]
   551 | D:1      | Reached XP level 2. HP: 24/24 MP: 3/3
   640 | D:1      | Reached skill level 1 in Long Blades
   887 | D:1      | Learned a level 1 spell: Sting
   982 | D:1      | Reached XP level 3. HP: 24/29 MP: 4/4
  1713 | D:2      | Reached ** piety under Lugonu
  1943 | D:2      | Reached XP level 4. HP: 37/37 MP: 0/5
  2685 | D:2      | Reached skill level 1 in Transmutations
  2909 | D:3      | Found an ornate altar of the Wu Jian Council.
  2909 | D:3      | Found a basalt altar of Yredelemnul.
  3080 | D:3      | Noticed Ijyb
  3105 | D:3      | Reached skill level 1 in Spellcasting
  3109 | D:3      | Reached skill level 1 in Dodging
  3389 | D:3      | Slain by a gnoll

Illustrated notes

Levels and vault maps discovered:
D:1:      dpeg_arrival_circle_labyrinth_b, layout_basic, serial_bayou,
          serial_bayou_pond_a, serial_bayou_ford_a, serial_bayou_lake_a,
          serial_bayou_pond_b, minmay_worlds_worst_comb
D:2:      layout_basic, minmay_pentomino_p4
D:3:      cheibrodos_thug_alley, layout_loops_ring, mainiacjoe_overflow_catwalk,
          grunt_temple_overflow_open, hellmonk_ecumenical_altar_blasted,
          serial_glass, glass_columns_a, glass_columns_b, uniq_ijyb

Skill      XL: |  1  2  3  4 |
---------------+-------------+-----
Long Blades    | 1 2 |  2.2
Armour         | 2 |  2.1
Transmutations | 1 |  1.0
Spellcasting   | 1 |  1.1
Dodging        | 1 |  1.0
Fighting       | |  3.7
Axes           | |  1.7
Throwing       | |  0.5
Poison Magic   | |  0.7
Invocations    | |  2.6

Action                   |  1- 3 |  4- 6 || total
-------------------------+-------+-------++-------
Melee: Scimitar          |   103 |    55 ||   158
Throw: Stone             |     4 |    16 ||    20
 Cast: Sting             |     1 |     5 ||     6
Invok: Depart the Abyss  |     1 |       ||     1
  Use: Scroll            |     4 |     2 ||     6
Armor: Chain mail        |   121 |    45 ||   166
Dodge: Dodged            |    49 |    34 ||    83
       Rpst.: Scimitar   |    13 |    12 ||    25

Table legend: (Time is in decaauts)
 A = Elapsed time spent in this place.
 B = Non-inter-level travel time spent in this place.
 C = Inter-level travel time spent in this place.
 D = Time resting spent in this place.
 E = Time spent auto-exploring this place.
 F = Levels seen in this place.
 G = Mean time per level.
                   A        B        C        D        E       F      G
               +--------+--------+--------+--------+--------+-----+--------+
         Total |   3480 |   3443 |     37 |    637 |    584 |   7 |  497.1 |
       Dungeon |   3268 |   3231 |     37 |    637 |    584 |   3 | 1089.3 |
         Abyss |    212 |    212 |      0 |      0 |      0 |   4 |   53.0 |
               +--------+--------+--------+--------+--------+-----+--------+

Top non-repeatable levels by time:
     D:2: 1866 daAuts
     D:1: 1104 daAuts
     D:3: 297 daAuts
 Abyss:2: 112 daAuts
 Abyss:4: 70 daAuts
 Abyss:1: 16 daAuts
 Abyss:3: 12 daAuts
